 Dungeon Crawl Stone Soup version 0.27.1-3-gb3d3a73c9e (webtiles) character file.

Game seed: 337533898754482306

9751 Descartes the Arsonist (level 11, -6/54 HPs)
             Began as a Deep Elf Fire Elementalist on Oct 8, 2021.
             Was an Initiate of Gozag.
             Mangled by a troll (7 damage)
             ... led by an orc knight
             ... on level 1 of the Orcish Mines.
             The game lasted 00:31:11 (15360 turns).

Descartes the Arsonist (DEFE)                      Turns: 15360, Time: 00:31:11

Health: -6/54      AC: 12    Str:  7    XL:     11   Next: 27%
Magic:  16/20      EV: 15    Int: 22    God:    Gozag
Gold:   2054       SH:  6    Dex: 22    Spells: 3/20 levels left

rFire    . . .     SeeInvis .   E - +5 hand axe of Qazlal's Castigation {holy, Dex+4}
rCold    . . .     Faith    .   m - +0 buckler
rNeg     . . .     Spirit   .   I - +0 robe of the Immovable Orbs {rElec Will+ Regen+}
rPois    +         Reflect  .   B - +1 hat {Will+}
rElec    +         Harm     .   O - +1 cloak
rCorr    .         Rampage  .   g - +2 pair of gloves {Dex+3}
Will     +++..                  (no boots)
Stlth    +++.......             Q - amulet of regeneration
HPRegen  2.18/turn              a - ring of poison resistance
MPRegen  0.17/turn              G - +4 ring of protection

@: radiating poison
A: no striking features
a: Renounce Religion, Potion Petition, Call Merchant, Bribe Branch


You were on level 1 of the Orcish Mines.
You worshipped Gozag.
Gozag was most pleased with you.
You visited 3 branches of the dungeon, and saw 12 of its levels.
You also visited: Sewer and Bailey.

You collected 2168 gold pieces.
You paid 114 gold pieces to Gozag.

Inventory:

Hand Weapons
 s - a +6 dagger of venom
 D - a +0 shortbow of freezing
 E - the +5 hand axe of Qazlal's Castigation (weapon) {holy, Dex+4}
   (You found it on level 7 of the Dungeon)

   It has been blessed by the Shining One to cause great damage to the undead
   and demons.
   Dex:       It affects your dexterity (+4).
Missiles
 b - 347 stones
 c - 5 boomerangs of dispersal
 d - 80 poisoned darts
 q - 76 arrows
 F - 2 throwing nets
 J - 79 boomerangs
Armour
 g - a +2 pair of gloves of dexterity (worn)
 m - a +0 buckler (worn)
 z - a +0 troll leather armour {Purgy}
 B - a +1 hat of willpower (worn)
 I - the +0 robe of the Immovable Orbs (worn) {rElec Will+ Regen+}
   (You found it in a bailey)

   rElec:     It insulates you from electricity.
   Regen:     It increases your rate of health regeneration.
   Will:      It increases your willpower.
 O - a +1 cloak (worn)
Magical Staves
 j - a staff of fire
 x - a staff of poison
Jewellery
 a - a ring of poison resistance (left hand)
 u - a ring of flight
 v - a +6 ring of intelligence
 y - a +6 ring of intelligence
 G - a +4 ring of protection (right hand)
 P - a ring of protection from fire
 Q - an amulet of regeneration (around neck)
 S - a ring of protection from fire
 T - a +4 ring of evasion
 V - a ring of magical power
Wands
 M - a wand of acid (2)
 U - a wand of iceblast (3)
 Y - a wand of flame (45)
Scrolls
 e - a scroll of enchant armour
 l - 2 scrolls of fog
 o - a scroll of immolation
 p - a scroll of amnesia
 t - 3 scrolls of teleportation
 C - 2 scrolls of magic mapping
 W - a scroll of holy word {unknown}
 X - a scroll of noise
Potions
 f - a potion of invisibility
 h - a potion of berserk rage
 i - a potion of might {unknown}
 k - 8 potions of curing
 n - 2 potions of lignification {unknown}
 r - a potion of flight {unknown}
 w - 2 potions of attraction {unknown}
 A - 2 potions of cancellation {unknown}
 N - 2 potions of mutation {unknown}
 R - a potion of heal wounds {unknown}


   Skills:
 - Level 5.0 Dodging
 - Level 5.0 Stealth
 - Level 4.0 Shields
 - Level 5.0 Spellcasting
 + Level 9.4 Conjurations
 + Level 2.4 Translocations
 - Level 10.0 Fire Magic
 - Level 5.0 Air Magic
 + Level 8.1 Poison Magic
 - Level 5.0 Evocations


You had 3 spell levels left.
You knew the following spells:

 Your Spells              Type           Power      Damage    Failure   Level
a - Foxfire               Conj/Fire      100%       2x1d9     1%          1
b - Poisonous Vapours     Pois/Air       68%        N/A       1%          2
c - Fireball              Conj/Fire      24%        3d11      5%          5
d - Sticky Flame          Conj/Fire      48%        2d7       1%          4
e - Olgreb's Toxic Radia  Pois           41%        N/A       3%          4
f - Shock                 Conj/Air       100%       1d9       1%          1

Your spell library contained the following spells:

 Spells                   Type           Power      Damage    Failure   Level
 Sting                    Tmut/Pois      92%        1d7       1%          1
 Conjure Flame            Conj/Fire      48%        6-21      1%          3
 Inner Flame              Hex/Fire       27%        N/A       3%          3
 Swiftness                Air            27%        N/A       3%          3
 Corpse Rot               Necr/Air       N/A        N/A       5%          2
 Spider Form              Tmut/Pois      11%        N/A       6%          3
 Animate Skeleton         Necr           10%        N/A       10%         1
 Pain                     Necr           20%        1d5       10%         1
 Ensorcelled Hibernation  Hex/Ice        10%        N/A       16%         2
 Portal Projectile        Hex/Tloc       20%        N/A       19%         3
 Call Canine Familiar     Summ           5%         N/A       30%         3
 Vampiric Draining        Necr           2%         2d6       30%         3
 Airstrike                Air            13%        N/A       13%         4
 Freezing Cloud           Conj/Ice/Air   13%        6-21      36%         5
 Leda's Liquefaction      Hex/Erth       2%         N/A       69%         4
 Blade Hands              Tmut           2%         N/A       95%         5
 Excruciating Wounds      Necr           2%         N/A       95%         5
 Shadow Creatures         Summ           N/A        N/A       100%        6


Dungeon Overview and Level Annotations

Branches:
Dungeon (10/15)            Temple (1/1) D:7             Orc (1/2) D:9
  Sewer (visited)          Bailey (visited)
   Lair: D:8-11

Altars:
Ashenzari
Cheibriados
Dithmenos
Elyvilon
Fedhas
Gozag
Hepliaklqana
Kikubaaqudgha
Makhleb
Okawaru
Qazlal
Ru
Sif Muna
Trog
Uskayaw
Vehumet
Wu Jian
Xom
Yredelemnul
Zin
The Shining One

Shops:
D:7 [


Message History

There is a staircase to the Orcish Mines, spattered with blood here.
You climb downwards.
Welcome back to the Orcish Mines!
The orc warrior closely misses you. You block the troll's attack.
The troll misses you. x2; The orc warrior closely misses you.
The troll bites you! The troll misses you. x2
The orc warrior hits you with a +0 hand axe.
The troll bites you! The troll claws you. You block the troll's attack.
The orc warrior hits you with a +0 short sword!
The orc warrior shouts!
There is a staircase back to the Dungeon, spattered with blood here.
Casting: Sticky Flame (dangerous; 1% risk of failure)
Confirm with . or Enter, or press ? or * to list all spells.
You begin to radiate toxic energy.
The orc warrior is poisoned.
The troll is poisoned. x2; The orc warrior is poisoned. x2
The ogre is poisoned.
The orc warrior is poisoned.
The orc wizard is poisoned.
The orc warrior looks even sicker.
The troll looks even sicker. x2
The orc warrior looks even sicker.
You hear a shout! x3
The troll completely misses you. The troll claws you but does no damage.
The troll claws you.
The orc warrior hits you from afar with a +0 trident.
* * * LOW HITPOINT WARNING * * *
The orc warrior hits you with a +0 short sword.
* * * LOW HITPOINT WARNING * * *
The troll closely misses you. You block the troll's attack.
The troll barely misses you.
The orc warrior throws a silver boomerang.
The silver boomerang misses you.
The troll looks even sicker.
The orc warrior looks even sicker. x2
The ogre looks even sicker.
You block the troll's attack. The troll closely misses you. x2
The orc wizard hits you but does no damage.
The orc warrior barely misses you. The orc warrior misses you.
The orc warrior hits you with a +0 short sword!
* * * LOW HITPOINT WARNING * * *
The troll bites you.
* * * LOW HITPOINT WARNING * * *
The troll claws you!
You die...
Your body crumbles into a pile of gold.

##.#...$....
##........... #
....$$...... #.
..........# # #.
$........#
...#.#.........
#.....OoT......$
#.....o@o.$....
$
...#..T..o.....
#.$..o$...###
#..........$.# $
............$..
...#....#......
#.##..........#
## #....#.....#
$


You could see 2 trolls, 4 orc warriors, an ogre (very poisoned) and an orc
wizard (poisoned).

Vanquished Creatures
  Erolcha (D:9)
  2 two-headed ogres
  An orc high priest (D:9)
  Pikel (D:8)
  2 orc knights
  2 centaur zombies
  Maurice (D:8)
  A kobold demonologist (D:10)
  A troll (D:8)
  A vampire (D:9)
  A wraith (D:9)
  3 wyverns
  A steam dragon (D:7)
  2 wargs (D:9)
  3 acid dragons
  2 water moccasins (D:8)
  2 necrophages
  Purgy (Sewer)
  9 orc warriors
  3 sky beasts
  2 ogres
  A centaur (D:8)
  A lemure (D:8)
  2 bullfrogs
  A wyvern zombie (D:9)
  A scorpion (D:6)
  A wyvern skeleton (D:5)
  3 killer bees (D:10)
  4 howler monkeys
  A bullfrog zombie (D:5)
  2 hounds
  2 orc priests (D:9)
  7 iguanas
  8 orc wizards
  A killer bee zombie (D:6)
  2 hound skeletons
  2 howler monkey zombies
  A howler monkey skeleton (D:7)
  A gnoll (Bailey)
  11 adders
  A river rat (D:6)
  A shadow imp (D:8)
  A white imp (D:3)
  4 worms
  A dart slug (D:1)
  41 orcs
  4 ball pythons (D:1)
  5 endoplasms
  7 giant cockroaches
  24 goblins
  14 hobgoblins
  32 kobolds
  5 quokkas
  3 bats
  3 frilled lizards
  8 rats
248 creatures vanquished.

Vanquished Creatures (others)
  A human (D:6)
  1359 foxfires
1360 creatures vanquished.

Grand Total: 1608 creatures vanquished

Notes
Turn   | Place    | Note
-------+----------+-------------------------------------------
     0 | D:1      | Descartes the Deep Elf Fire Elementalist began the quest
                  | for the Orb.
     0 | D:1      | Reached XP level 1. HP: 10/10 MP: 6/6
   281 | D:1      | Reached XP level 2. HP: 15/15 MP: 2/8
   652 | D:1      | Reached skill level 4 in Fire Magic
   725 | D:1      | Found a faded altar of an unknown god.
  1086 | D:1      | Reached XP level 3. HP: 19/19 MP: 3/10
  1907 | D:2      | You fall into a shaft and drop 1 floor!
  1978 | D:3      | Learned a level 2 spell: Poisonous Vapours
  2054 | D:3      | Reached XP level 4. HP: 24/24 MP: 2/12
  2062 | D:3      | Noticed a +0 falchion
  2064 | D:3      | Noticed a +0 spear
  2066 | D:3      | Noticed a +0 dagger
  2070 | D:3      | Noticed a +0 falchion
  2071 | D:3      | Noticed a +0 spear
  2071 | D:3      | Noticed a +0 dagger
  2072 | D:3      | Noticed a +0 short sword
  2074 | D:3      | Noticed a +0 short sword
  2364 | D:3      | Reached skill level 1 in Poison Magic
  2444 | D:3      | Found an iron altar of Okawaru.
  2698 | D:3      | Found a hide-covered altar of Uskayaw.
  2748 | D:3      | Reached skill level 1 in Shields
  3310 | D:2      | Reached XP level 5. HP: 28/28 MP: 7/14
  4752 | D:4      | Noticed a necrophage
  4766 | D:4      | Killed a necrophage
  4767 | D:4      | Reached skill level 5 in Spellcasting
  4767 | D:4      | Reached skill level 5 in Fire Magic
  4767 | D:4      | Reached XP level 6. HP: 24/32 MP: 8/15
  5433 | D:5      | Entered Level 5 of the Dungeon
  5696 | D:5      | Reached XP level 7. HP: 22/36 MP: 11/16
  5888 | D:5      | Learned a level 5 spell: Fireball
  6171 | D:5      | Reached skill level 6 in Fire Magic
  7102 | D:6      | Identified a scroll of acquirement
  7106 | D:6      | Acquired a +2 pair of gloves of dexterity
  7320 | D:6      | Found a glowing drain.
  7340 | Sewer    | Entered a sewer
  7744 | Sewer    | Noticed Purgy
  7757 | Sewer    | Killed Purgy
  7758 | Sewer    | Reached skill level 5 in Poison Magic
  7758 | Sewer    | Reached XP level 8. HP: 26/41 MP: 10/17
  8081 | D:6      | Reached skill level 8 in Fire Magic
  8208 | D:6      | Found an ancient bone altar of Kikubaaqudgha.
  8346 | D:6      | Reached skill level 9 in Fire Magic
  8432 | D:6      | Found an ornate altar of the Wu Jian Council.
  9134 | D:7      | Reached skill level 10 in Fire Magic
  9381 | D:7      | Identified the +5 hand axe of Qazlal's Castigation {holy,
                  | Dex+4}
  9428 | D:7      | Reached XP level 9. HP: 23/45 MP: 9/18
  9591 | D:7      | Found Ajoil's Antique Armour Boutique.
  9836 | D:7      | Found a staircase to the Ecumenical Temple.
  9843 | Temple   | Entered the Ecumenical Temple
 10070 | Temple   | Became a worshipper of Gozag Ym Sagoz the Greedy
 10147 | D:7      | Found a glowing silver altar of Zin.
 10597 | D:8      | Noticed a troll
 10605 | D:8      | Killed a troll
 10606 | D:8      | Reached skill level 5 in Conjurations
 10770 | D:8      | Noticed Maurice
 10779 | D:8      | Killed Maurice
 11068 | D:8      | Reached skill level 5 in Stealth
 11163 | D:8      | Reached skill level 5 in Dodging
 11205 | D:8      | Noticed Pikel
 11264 | D:8      | Killed Pikel
 11491 | D:8      | Noticed a two-headed ogre
 11499 | D:8      | Killed a two-headed ogre
 11500 | D:8      | Reached XP level 10. HP: 50/50 MP: 11/19
 12270 | D:9      | Learned a level 4 spell: Sticky Flame
 12296 | D:9      | Learned a level 4 spell: Olgreb's Toxic Radiance
 12390 | D:9      | Noticed Erolcha
 12400 | D:9      | Killed Erolcha
 12431 | D:9      | Reached skill level 5 in Evocations
 12545 | D:9      | Found a hazy altar of Hepliaklqana.
 12623 | D:9      | Found a snail-covered altar of Cheibriados.
 12897 | D:9      | Learned a level 1 spell: Shock
 13315 | D:9      | Found a staircase to the Orcish Mines.
 13337 | Orc:1    | Entered Level 1 of the Orcish Mines
 13355 | D:9      | Reached skill level 5 in Air Magic
 13479 | Orc:1    | Noticed an orc high priest
 13494 | D:9      | Noticed a soul eater
 13496 | D:9      | HP: 2/50 [hellwing[an orc high priest] (11)]
 13498 | D:9      | Killed an orc high priest
 13957 | Orc:1    | Noticed an orc knight
 14073 | D:9      | Killed an orc knight
 14074 | D:9      | Reached XP level 11. HP: 54/54 MP: 7/20
 14165 | D:10     | Entered Level 10 of the Dungeon
 14217 | D:10     | Found a flagged portal.
 14229 | Bailey   | Entered a bailey
 14630 | Bailey   | Noticed an orc knight
 14646 | Bailey   | Killed an orc knight
 14647 | Bailey   | Reached skill level 1 in Translocations
 14837 | Bailey   | Identified the +0 robe of the Immovable Orbs {rElec Will+
                  | Regen+}
 15097 | D:10     | Found a radiant altar of Vehumet.
 15179 | D:10     | Noticed a two-headed ogre
 15232 | D:9      | Killed a two-headed ogre
 15360 | Orc:1    | HP: 1/54 [troll[an orc knight] (5)]
 15360 | Orc:1    | Mangled by a troll

Illustrated notes

Levels and vault maps discovered:
D:1:      elethiomel_arrival_shortcut, layout_rooms,
          hellmonk_ecumenical_altar_pennies_from_heaven, st_stairs_12,
          kennysheep_doodads
D:2:      layout_basic
D:3:      minmay_angry_zag, layout_basic, nicolae_uskayaw_en_pointe,
          old_standard_altar
D:4:      layout_basic
D:5:      layout_basic, st_stairs_14
D:6:      layout_loops_corners, tgw_kikubaaqudgha,
          nicolae_overflow_crystal_walls, gup_sewer_entry_spiral
D:7:      layout_cave_pods, zin_academy, minmay_temple_entry_junction,
          serial_shops, nicolae_stop_n_shop_2
D:8:      layout_cave_pods, kennysheep_generic_room_9, uniq_pikel, uniq_maurice
D:9:      layout_basic, slow_altar_1, nzn_hepliaklqana_mist_gate,
          hiddenorc1_lemuel, uniq_erolcha
D:10:     layout_rooms, vehumet_crystals, nemelex_xobeh_ov_fountains_minmay,
          enter_bailey_5
Temple:   nicolae_temple_figure_eight
Orc:1:    layout_caves, basic_altar, guppyfry_library_mini, uniq_urug

Skill      XL: |  1  2  3  4  5  6  7  8  9 10 11 |
---------------+----------------------------------+-----
Fire Magic     | 4 5 6 10 | 10.0
Spellcasting   | 4 5 |  5.0
Poison Magic   | 1 2 3 5 7 8 |  8.1
Shields        | 1 2 4 |  4.0
Conjurations   | 3 6 8 9 |  9.4
Dodging        | 5 |  5.0
Stealth        | 5 |  5.0
Air Magic      | 3 5 |  5.0
Evocations     | 3 5 |  5.0
Translocations | 2 |  2.4

Action                   |  1- 3 |  4- 6 |  7- 9 | 10-12 || total
-------------------------+-------+-------+-------+-------++-------
Melee: Dagger            |       |     5 |    11 |    40 ||    56
       Hand axe          |       |       |       |    72 ||    72
 Cast: Foxfire           |   133 |   174 |   314 |   222 ||   843
       Olgreb's Toxic Ra |       |       |       |    14 ||    14
       Poisonous Vapours |       |       |       |     5 ||     5
       Sticky Flame      |       |       |       |     4 ||     4
Evoke: Wand              |       |       |     3 |     2 ||     5
  Use: Scroll            |       |       |     6 |     7 ||    13
       Potion            |       |       |       |     3 ||     3
 Stab: Distracted        |       |       |       |     1 ||     1
Armor: Robe              |     1 |     4 |    16 |     2 ||    23
       Troll leather arm |       |       |    66 |    61 ||   127
Dodge: Dodged            |     5 |    34 |   109 |   128 ||   276
Block: Buckler           |       |       |    24 |    54 ||    78
